 Dungeon Crawl Stone Soup version 0.17-a0-1399-gd5b76e1 (webtiles) character file.

42 WellDressedCM the Stinger (level 3, -3/26 HPs)
             Began as a Draconian Venom Mage on June 18, 2015.
             Slain by a gnoll
             ... wielding a +1 vampiric whip
              (11 damage)
             ... on level 2 of the Dungeon.
             The game lasted 00:13:41 (561 turns).

WellDressedCM the Stinger (Draconian Venom Mage)     Turns: 561, Time: 00:13:41

Health: -3/26      AC:  6    Str: 10      XL:     3   Next: 33%
Magic:  3/6        EV: 12    Int: 16      God:
Gold:   24         SH:  0    Dex: 10 (11) Spells: 2 memorised, 3 levels left

rFire  . . .     SeeInvis .     d - +3 dagger (speed)
rCold  . . .     Clarity  .     (armour unavailable)
rNeg   . . .     SustAt   .     (no shield)
rPois  .         Gourm    .     (helmet restricted)
rElec  .         Spirit   .     h - +0 cloak
rCorr  .         Warding  .     (no gloves)
rMut   .         Stasis   .     (no boots)
MR     .....                    i - amulet of rage
Stlth  ++........               (no ring)
                                (no ring)

@: very slightly contaminated, slowed, very slow, not resistant to hostile
enchantments, unstealthy
A: unfitting armour, cold-blooded, AC +5
a: Evoke Berserk Rage


You were on level 2 of the Dungeon.
You were not hungry.

You visited 1 branch of the dungeon, and saw 2 of its levels.

You collected 24 gold pieces.

Inventory:

Hand weapons
 d - a +3 dagger of speed (weapon)
Missiles
 e - 21 stones (quivered)
Armour
 h - a +0 cloak (worn)
Jewellery
 i - an amulet of rage (around neck)
Potions
 g - 2 potions of might
Books
 a - a Young Poisoner's Handbook

   Spells                             Type                      Level
   a - Sting                          Conjuration/Poison           1
   b - Cure Poison                    Poison                       2
   c - Mephitic Cloud                 Conjuration/Poison/Air       3
   d - Olgreb's Toxic Radiance        Poison                       4
   e - Venom Bolt                     Conjuration/Poison           5
Comestibles
 b - a bread ration
 c - 3 chunks of flesh
 f - a meat ration


   Skills:
 + Level 1.9 Dodging
 + Level 2.1 Stealth
 + Level 2.1 Spellcasting
 + Level 0.2 Conjurations
 + Level 4.8 Poison Magic


You had 3 spell levels left.
You knew the following spells:

 Your Spells              Type           Power        Failure   Level  Hunger
a - Sting                 Conj/Pois      #...         10%         1    #......
b - Cure Poison           Pois           ###.......   6%          2    ###....


Dungeon Overview and Level Annotations

Branches:
Dungeon (2/15)

Altars:
Cheibriados


Innate Abilities, Weirdness & Mutations

Your plain brown scales are hard (AC +5).
Your body does not fit into most forms of armour.
You are cold-blooded and may be slowed by cold attacks.


Message History

You hit the hobgoblin.
You kill the hobgoblin!
You hit the hobgoblin.
Your tail-slap misses the hobgoblin.
The hobgoblin is almost dead.
The hobgoblin hits you.
You hit the hobgoblin.
You kill the hobgoblin!
The gnoll closely misses you.
A gnoll comes into view. It is wielding a vampiric whip.
You hit the gnoll.
Your tail-slap misses the gnoll.
The gnoll is lightly wounded.
You hit the gnoll.
The gnoll is heavily wounded.
The gnoll hits you with a vampiric whip.
You closely miss the gnoll.
The gnoll is heavily wounded.
The gnoll hits you with a vampiric whip!
The gnoll draws strength from your injuries!
The gnoll hits you with a vampiric whip!
You die...

#######.##.###.....
#..................
#...........#######
#.........#.##
#........>.....#
#.........##.#..
#.........# ## ##
#.........#
#######.#@#
#.#.g.._.#
#.###....# #.#
....# #.# #### #..
..


You could see a gnoll.

Vanquished Creatures
  An adder (D:2)
  An ooze (D:1)
  8 goblins
  4 hobgoblins
  3 jackals (D:1)
  3 bats (D:1)
  A giant newt (D:1)
  2 kobolds (D:1)
  4 rats (D:1)
27 creatures vanquished.

Notes
Turn   | Place    | Note
--------------------------------------------------------------
     0 | D:1      | WellDressedCM the Draconian Venom Mage began the quest for the Orb.
     0 | D:1      | Reached XP level 1. HP: 14/14 MP: 3/3
   154 | D:1      | Reached XP level 2. HP: 18/20 MP: 5/5
   343 | D:1      | Learned a level 2 spell: Cure Poison
   472 | D:1      | Reached XP level 3. HP: 26/26 MP: 6/6
   551 | D:2      | Found a snail-covered altar of Cheibriados.
   561 | D:2      | Slain by a gnoll

Vault maps used:
D:1:      lightli_arrival_noodles
D:2:      overflow_temple_1_default, cheibriados_altar_wand_db, first_bread

Action                   || total
-------------------------++-------
Melee: Unarmed           ||    10
       Dagger            ||    36
 Cast: Sting             ||    18
       Cure Poison       ||     1
  Use: Potion            ||     3
       Scroll            ||     2
 Stab: Sleeping          ||     3
